 Dungeon Crawl Stone Soup version 0.24-a0-378-g94936e539c (webtiles) character file.

Game seed: 12108293649472562605

245734 MachJacob the Spry (level 18, -6/85 HPs)
             Began as a Spriggan Venom Mage on June 1, 2019.
             Was the Champion of Hepliaklqana.
             Shot with a bolt by a yaktaur (23 damage)
             ... led by a yaktaur captain
             ... on level 2 of the Vaults.
             The game lasted 04:11:44 (65019 turns).

MachJacob the Spry (Spriggan Venom Mage)           Turns: 65019, Time: 04:11:44

Health: -6/85      AC:  4    Str:  4    XL:     18   Next: 77%
Magic:  18/43      EV: 34    Int: 23    God:    Hepliaklqana [******]
Gold:   2686       SH:  0    Dex: 18    Spells: 6/40 levels left

rFire    + . .     SeeInvis +   w - staff of energy
rCold    + . .     Gourm    .   (shield currently unavailable)
rNeg     . . .     Faith    .   J - +1 robe {MR+}
rPois    .         Spirit   .   m - +1 hat
rElec    .         Reflect  .   e - scarf {rC+ rF+}
rCorr    .         Harm     .   (gloves unavailable)
MR       ++++.                  (boots unavailable)
Stlth    +++++.....             (no amulet)
HPRegen  0.24/turn              E - ring of stealth
MPRegen  0.28/turn              o - ring of magical power

@: very quick
A: very small, unfitting armour, reduced essence, see invisible, herbivore,
speed 3, slow metabolism 2
}: 2/15 runes: barnacled, gossamer
a: Recall Ancestor, Ancestor Identity, Transference, Idealise, Renounce Religion


You were on level 2 of the Vaults.
You worshipped Hepliaklqana.
Hepliaklqana was exalted by your worship.
You were not hungry.

You visited 7 branches of the dungeon, and saw 34 of its levels.
You also visited: Ice Cave and Volcano.

You collected 3531 gold pieces.
You spent 845 gold pieces at shops.

Inventory:

Hand Weapons
 a - a +9 demon trident of freezing
 b - a +5 dagger
Missiles
 O - 5 throwing nets (quivered) {!f}
 Z - 5 curare-tipped darts {!f}
Armour
 e - a scarf of resistance (worn)
 m - a +1 hat (worn)
 J - a +1 robe of magic resistance (worn)
Magical Staves
 w - an uncursed staff of energy (weapon)
Jewellery
 j - an uncursed ring of resist corrosion
 o - a ring of magical power (right hand)
 A - an uncursed ring of flight
 E - a ring of stealth (left hand)
 X - the ring "Nevver" {Str+2 Int+5 Dex-3 SInv}
   (You found it on level 1 of the Shoals)

   [ring of see invisible]

   It affects your strength (+2).
   It affects your intelligence (+5).
   It affects your dexterity (-3).
   It lets you see invisible.
Wands
 s - a wand of paralysis (23)
 y - a wand of iceblast (8)
 K - a wand of acid (22)
 L - a wand of enslavement (30)
 N - a wand of digging (19)
Scrolls
 d - a scroll of torment
 h - 17 scrolls of remove curse
 i - 9 scrolls of teleportation
 l - 4 scrolls of fog
 p - a scroll of enchant armour
 q - 3 scrolls of blinking
 t - 13 scrolls of amnesia
 v - 5 scrolls of magic mapping
 B - 2 scrolls of fear
 H - a scroll of holy word
 I - 3 scrolls of silence
 U - 3 scrolls of identify
 V - a scroll of summoning
Potions
 f - 12 potions of curing
 k - a potion of agility
 n - 7 potions of brilliance
 r - 5 potions of mutation
 u - 5 potions of haste
 x - 5 potions of berserk rage
 z - 2 potions of lignification
 C - 2 potions of heal wounds
 D - 2 potions of invisibility
 F - 10 potions of might
 M - a potion of ambrosia
 T - 4 potions of cancellation
 W - a potion of resistance
 Y - a potion of magic
Miscellaneous
 g - a lamp of fire
 Q - 2 phantom mirrors
 R - a lightning rod (4/4)
 S - a phial of floods
Comestibles
 c - 5 rations


   Skills:
 + Level 10.8 Fighting
 * Level 12.7 Polearms
 - Level 2.0 Armour
 + Level 18.4 Dodging
 - Level 8.0 Stealth
 - Level 11.6 Spellcasting
 - Level 6.0 Conjurations
 - Level 10.0 Hexes
 - Level 8.0 Summonings
 - Level 8.0 Translocations
 - Level 4.0 Air Magic
 - Level 12.0 Poison Magic
 - Level 5.0 Invocations
 - Level 12.0 Evocations


You had 6 spell levels left.
You knew the following spells:

 Your Spells              Type           Power        Failure   Level  Hunger
a - Poisonous Vapours     Pois/Air       ######       1%          2    None
b - Olgreb's Toxic Radia  Pois           ######..     1%          4    None
c - Mephitic Cloud        Conj/Pois/Air  #####...     1%          3    None
d - Passage of Golubria   Tloc           N/A          1%          4    None
e - Summon Butterflies    Summ           ######..     1%          1    None
f - Summon Mana Viper     Hex/Summ       ######..     3%          5    None
g - Teleport Other        Tloc           ######..     1%          3    None
h - Summon Forest         Summ/Tloc      ######....   4%          5    None
q - Blink                 Tloc           N/A          1%          2    None
z - Venom Bolt            Conj/Pois      ######....   3%          5    None

Your spell library contained the following spells:

 Spells                   Type           Power        Failure   Level  Hunger
 Magic Dart               Conj           ####         1%          1    None
 Sting                    Conj/Pois      ####         1%          1    None
 Call Imp                 Summ           ######..     1%          2    None
 Searing Ray              Conj           #####.       1%          2    None
 Shroud of Golubria       Chrm/Tloc      ####......   1%          2    None
 Slow                     Hex            ######..     1%          2    None
 Call Canine Familiar     Summ           ######..     1%          3    None
 Dazzling Spray           Conj/Hex       ######       1%          3    None
 Gell's Gravitas          Tloc           ######....   1%          3    None
 Lesser Beckoning         Tloc           ######....   1%          3    None
 Recall                   Summ/Tloc      N/A          1%          3    None
 Fulminant Prism          Conj/Hex       ######....   1%          4    None
 Force Lance              Conj/Tloc      #####...     2%          4    None
 Conjure Flame            Conj/Fire      ####....     4%          3    None
 Iskenderun's Mystic Bla  Conj           #####...     4%          4    None
 Aura of Abjuration       Summ           ######....   4%          5    None
 Summon Demon             Summ           ######....   4%          5    None
 Summon Ice Beast         Ice/Summ       ####....     10%         4    None
 Shadow Creatures         Summ           N/A          26%         6    None
 Freezing Cloud           Conj/Ice/Air   ####......   88%         6    None
 Summon Hydra             Summ           ######....   83%         7    None
 Ring of Flames           Chrm/Fire      ##........   100%        7    None


Dungeon Overview and Level Annotations

Branches:
Dungeon (15/15)            Temple (1/1) D:6            Lair (6/6) D:9
 Shoals (4/4) Lair:3       Spider (4/4) Lair:3        Slime (0/5) Lair:5
    Orc (2/2) D:12            Elf (0/3) Orc:2        Vaults (2/5) D:14
  Crypt (0/3) Vaults:2     Depths (0/5) D:15

Altars:
Ashenzari
Cheibriados
Dithmenos
Elyvilon
Fedhas
Gozag
Hepliaklqana
Kikubaaqudgha
Nemelex Xobeh
Okawaru
Qazlal
Ru
Sif Muna
Trog
Uskayaw
Vehumet
Wu Jian
Xom
Yredelemnul
Zin
The Shining One
Beogh

Shops:
D:7 *   D:9 *   D:11 ?   Orc:2 !?!:

Annotations:
D:2 1 runed translucent door, Crazy Yiuf
Lair:1 exclusion: hydra
Lair:3 exclusion: hydra
Lair:4 exclusions: hydra, water moccasin and 2 wraiths, Josephine
Lair:5 exclusion: 2 oklob plants
Lair:6 exclusions: manticore and torpor snail
Shoals:2 exclusion: 2 oklob plants
Orc:2 1 runed translucent door, elum's ghost, adept DsWz
Vaults:1 3 runed translucent doors, exclusions: deep elf mage, 2 doors and ugly thing
Vaults:2 Frederick; Sojobo


Innate Abilities, Weirdness & Mutations

You are very small and have problems with some larger weapons.
You are too small for most types of armour.
You have supernaturally acute eyesight. (SInv)
You are a herbivore.
You cover ground extremely quickly.
You need to consume almost no food.
Your life essence is reduced to manifest your ancestor. (-10% HP)


Message History

Space becomes stable.
The yaktaur shoots a bolt.
The bolt completely misses you. What are your orders? t - Shout!
Orders for allies: a - Attack new target. r - Retreat! s - Stop attacking. g - Guard the area. f - Follow me.
Anything else - Cancel.
Gang up on whom?
Press: ? - help, Dir - move target cursor, f - yaktaur
Aim: a yaktaur, wielding a +0 arbalest (heavily wounded) Attack!
Casting: Summon Mana Viper (safe; 3% risk of failure)
Confirm with . or Enter, or press ? or * to list all spells.
Aiming: Poisonous Vapours (safe; 1% risk of failure)
Press: ? - help, Dir - move target cursor, f/p - yaktaur
Aim: a yaktaur, wielding a +0 arbalest (heavily wounded) Poisonous vapours surround the yaktaur!
The yaktaur is engulfed in poison gas.
The yaktaur is poisoned.
The yaktaur shoots a bolt.
The bolt hits you!!
You die...

+..J# .#..≈≈≈≈≈≈≈..#.##### #...#
.'..≈≈≈≈≈≈≈..#.....# #...'
#u.≈≈≈⌠≈≈)..#.....' #...#
#..≈≈≈≈≈≈≈..#.....' #...#
#..≈≈≈≈≈≈≈..#.....# #.>.#
#...≈≈≈≈≈...'.....#
##...########## #.......#.#.4...#
..............#############.....#
................@((.............#
...............(..(.............#
..............)RSc.......[......#
...................(......).....#
.....)[........)..(............##
...............................##
..............)............(...##
.#######...........(.(.........##
##.....##..............)......###


You could see the friendly Nefertari the knight, a yaktaur and a friendly mana
viper.

Vanquished Creatures
  Asterion (Spider:2)
  Gastronok (D:8)
  Agnes (D:14)
  The ghost of shruggingcutely the Warrior, a journeyman DrFE of Vehumet (Shoals:1)
  A ghost moth (Spider:4)
  2 frost giants (IceCv Shoals:3)
  3 vault wardens (Vaults:1)
  A draconian knight (Vaults:2)
  3 very ugly things (Vaults:2)
  2 entropy weavers (Spider:3)
  An ironheart preserver (Vaults:2)
  A deep elf annihilator (Vaults:2)
  4 spark wasps (Spider:4)
  A deep elf death mage (Vaults:2)
  A merfolk javelineer (Shoals:3)
  2 merfolk impalers (Shoals:1 Shoals:2)
  3 yaktaur captains (Vaults:1 Vaults:2)
  Harold (D:9)
  An ice dragon (Vaults:1)
  A hydra (D:14)
  A vault guard (Vaults:1)
  A catoblepas (Lair:3)
  A merfolk avatar (Shoals:1)
  Erica (D:8)
  7 two-headed ogres (D:9 Volcano Vaults:1 Vaults:2)
  A deep troll shaman (Vaults:1)
  A merfolk aquamancer (Shoals:3)
  7 death yaks (Lair:6 Lair:5)
  6 centaur warriors (D:13 D:14 D:15 Vaults:1)
  4 orc high priests (Orc:2)
  A deep elf knight (Vaults:2)
  3 ogre magi (Volcano Vaults:1 Vaults:2)
  A hell knight (Volcano)
  4 sea snakes (Shoals:1 Shoals:2 Shoals:4)
  2 unseen horrors (D:9 D:15)
  A deep troll (Vaults:1)
  A deep elf archer (Vaults:1)
  Pikel (D:7)
  7 orc knights (Orc:2 Vaults:1 Vaults:2)
  5 harpies (Shoals:1 Vaults:2)
  10 orb spiders (Spider:1 Spider:3 Spider:4)
  18 wolf spiders (Spider:1 Spider:2 Spider:3 Spider:4 Vaults:1)
  4 deep elf magi (D:14 Vaults:1 Vaults:2)
  6 cyclopes (D:8 D:11 Shoals:1 Shoals:2 Vaults:2)
  2 fauns (Shoals:2 Shoals:3)
  6 ugly things (D:8 D:9 D:13 D:15 Vaults:1)
  5 orc sorcerers (Orc:1 Orc:2 Vaults:1)
  4 moths of wrath (Spider:1 Spider:4)
  8 manticores (D:9 Shoals:1 Shoals:3 Shoals:4 D:14)
  4 vault sentinels (Vaults:1 Vaults:2)
  3 merfolk sirens (Shoals:2 Shoals:3)
  9 elephants (Lair:3 Lair:6)
  Joseph (D:7)
  A centaur zombie (D:14)
  2 spiny frogs (Lair:5 Lair:6)
  2 torpor snails (Lair:3 Spider:2)
  A gargoyle (D:14)
  2 kobold demonologists (D:8 D:12)
  3 centaur skeletons (D:13 D:15)
  A komodo dragon (shapeshifter) (Vaults:1)
  7 komodo dragons (D:9 Lair:1 Lair:4 Lair:6)
  7 yaktaurs (Vaults:1 Vaults:2)
  6 demonic crawlers (Spider:2 Spider:3 Spider:4)
  A queen bee (Lair:3)
  5 trolls (D:6 D:9 D:12 Orc:2 D:14)
  13 polar bears (Lair:4 IceCv Lair:6)
  26 jumping spiders (Lair:3 Spider:1 Spider:2 Spider:3 Spider:4)
  4 merfolk (Shoals:2 Shoals:3)
  5 tyrant leeches (Spider:1 Lair:3)
  2 wind drakes (Shoals:4)
  13 blink frogs (Lair:1 Lair:2 Lair:5 Lair:6)
  9 hornets (D:8 D:10 Lair:4 Spider:4)
  5 dream sheep (Lair:6 Shoals:2)
  3 snapping turtles (Shoals:1 Shoals:2 Shoals:3)
  5 slime creatures (D:12 Vaults:1 Vaults:2)
  8 hippogriffs (D:9 Lair:1 Lair:2 Lair:3 D:14)
  47 redbacks (Spider:1 Spider:2 Spider:3 Spider:4)
  2 shadows (D:11)
  29 tarantellas (Spider:1 Spider:2 Spider:3 Spider:4)
  4 water elementals (Lair:3 Shoals:2 Shoals:3 D:15)
  5 wyverns (D:8 D:9 D:10 Lair:4)
  A hog (shapeshifter) (Vaults:1)
  39 yaks (D:8 D:9 D:11 Lair:3 Lair:4)
  3 vampire mosquitoes (D:12 D:13 D:14)
  3 basilisks (Lair:2 Lair:6 D:13)
  A warg (Orc:2)
  5 swamp worms (Spider:1 Lair:3)
  3 soldier ants (D:8 D:10)
  13 porcupines (Lair:1 Lair:2 Lair:3 Lair:4 Lair:5)
  6 water moccasins (D:9 Lair:4 Lair:6 D:14)
  4 sky beasts (D:6 D:7 D:10 D:13)
  A hornet zombie (D:14)
  24 orc warriors (D:8 D:12 Orc:1 Orc:2 D:13)
  4 ice beasts (D:7 D:10 D:11 D:15)
  2 phantoms (D:11 D:14)
  A black bear (D:12)
  17 wolves (Lair:2 Lair:3 IceCv)
  5 boggarts (Vaults:1 Vaults:2)
  22 centaurs (D:5 D:7 D:8 D:9 D:10)
  15 ogres (D:5 D:6 D:7 D:8 D:9)
  13 crocodiles (D:9 Lair:1 Lair:2 Lair:3 Lair:4)
  7 bullfrogs (D:5 D:8 D:9 Lair:3 Lair:4)
  A wyvern skeleton (D:11)
  5 scorpions (D:8 D:10 D:12 Lair:2)
  3 wights (D:13)
  A killer bee (D:9)
  A howler monkey (D:6)
  3 electric eels (D:12 Spider:2)
  3 crimson imps (D:10 D:15)
  A quasit (D:8)
  4 bullfrog zombies (D:5 D:11 D:12)
  A bullfrog skeleton (D:9)
  15 orc priests (D:5 D:7 D:8 Orc:1 Orc:2)
  5 hounds (D:5 D:8 D:9 D:13 D:14)
  3 iguanas (D:6 D:13)
  4 jellies (D:4 D:8 D:9 D:13)
  25 orc wizards (D:4 D:6 D:8 D:9 D:11)
  Natasha (thrice) (D:3)
  16 worker ants (D:4 D:6 D:8 D:9 D:10)
  A hound skeleton (D:5)
  A worker ant zombie (D:11)
  7 gnolls (D:4 D:5)
  9 adders (D:2 D:3 D:5 D:7 D:11)
  A shadow imp (D:14)
  An adder zombie (D:7)
  2 adder skeletons (D:5 D:9)
  2 worms (D:3)
  2 dart slugs (D:1 D:4)
  4 leopard geckos (D:2 D:10 D:13)
  64 orcs (D:3 D:6 D:4 D:5 D:7)
  4 bats (D:1 D:2)
  A giant cockroach (D:1)
  5 goblins (D:1 D:2 D:3)
  7 hobgoblins (D:2 D:3)
  3 jackals (D:7 D:11)
  7 quokkas (D:3 D:7 D:10 D:11 D:12)
  2 frilled lizards (D:1 D:3)
  15 kobolds (D:1 D:2 D:3 D:10)
  8 rats (D:1 D:2)
815 creatures vanquished.

Vanquished Creatures (collateral kills)
  Kirke (D:12)
  A fire giant (D:15)
  2 vault wardens (Vaults:1)
  3 ghost moths (Spider:4)
  A deep elf sorcerer (Vaults:2)
  3 ironheart preservers (Vaults:1 Vaults:2)
  An entropy weaver (Spider:3)
  A stone giant (Vaults:1)
  A deep elf annihilator (Vaults:2)
  2 deep elf death magi (Vaults:2)
  3 merfolk impalers (Shoals:4 Shoals:3)
  A fire dragon (Vaults:1)
  A great orb of eyes (Vaults:2)
  A yaktaur captain (Vaults:2)
  2 alligator snapping turtles (Shoals:1 Shoals:2)
  2 hydras (Lair:4)
  3 centaur warriors (D:14 D:15 Vaults:1)
  A merfolk avatar (Shoals:4)
  6 two-headed ogres (Volcano D:13 Vaults:1)
  A merfolk aquamancer (Shoals:3)
  An ogre mage (Vaults:1)
  A small abomination (Vaults:2)
  2 death yaks (Lair:6)
  Nergalle (Lair:4)
  A deep elf knight (Vaults:2)
  A fire crab (shapeshifter) (Vaults:1)
  A deep troll (Vaults:1)
  9 sea snakes (Lair:3 Shoals:1 Shoals:3 Shoals:4)
  An unseen horror (D:12)
  2 wizards (Vaults:2)
  A deep elf archer (Vaults:2)
  A lindwurm (Lair:3)
  11 harpies (Shoals:1 Shoals:4 Vaults:1 Vaults:2)
  6 orc knights (Orc:1 Orc:2 Vaults:1 Vaults:2)
  4 manticores (Shoals:4)
  9 wolf spiders (Spider:1 Spider:2 Spider:3 Spider:4 Vaults:1)
  A phantasmal warrior (D:12)
  4 cyclopes (Shoals:2 D:14 D:15)
  A deep elf mage (Vaults:2)
  2 orc sorcerers (Orc:1 Orc:2)
  2 fauns (Shoals:3)
  4 ugly things (D:11 D:12 D:13 D:15)
  A moth of wrath (Spider:2)
  A merfolk siren (Shoals:1)
  8 black mambas (Lair:1 Lair:3 Lair:4 Lair:6)
  An elephant (Lair:6)
  Maurice (D:8)
  A torpor snail (Lair:3)
  A water nymph (Shoals:4)
  3 gargoyles (D:15)
  A rime drake (shapeshifter) (Vaults:1)
  8 spiny frogs (Lair:1 Lair:2 Lair:3 Lair:4)
  3 freezing wraiths (Vaults:1)
  5 yaktaurs (Vaults:1 Vaults:2)
  An efreet (D:15)
  6 demonic crawlers (Lair:3 Spider:1 Spider:2 Spider:3)
  2 komodo dragons (Lair:4 D:15)
  A meliai (shapeshifter) (Vaults:2)
  7 polar bears (Lair:2 Lair:3 IceCv)
  4 trolls (D:9 Orc:2 D:15)
  14 merfolk (Shoals:1 Shoals:2 Shoals:3 Shoals:4)
  8 jumping spiders (Spider:3 Spider:4)
  4 tyrant leeches (Spider:1 Lair:3)
  2 hornets (Lair:4)
  A sphinx simulacrum (Vaults:1)
  11 dream sheep (Lair:6 Shoals:1 Shoals:2)
  5 hippogriffs (D:9 Lair:1 Lair:4 Lair:6 Shoals:2)
  13 slime creatures (Lair:5 D:12 Vaults:1 Vaults:2)
  4 snapping turtles (Lair:3 Shoals:1 Shoals:2)
  A frost giant simulacrum (Vaults:1)
  4 blink frogs (Lair:3 Lair:6)
  A centaur simulacrum (D:15)
  2 shadows (D:13 D:15)
  7 tarantellas (Spider:1 Spider:2 Spider:3)
  4 water elementals (Shoals:3)
  10 redbacks (Spider:1 Spider:2 Spider:3 Spider:4)
  2 wyverns (D:8 D:14)
  A wraith (D:8)
  24 yaks (D:8 D:9 Lair:3 Lair:4 Lair:5)
  A hungry ghost (D:11)
  A hog (shapeshifter) (Vaults:1)
  Menkaure (D:7)
  2 wargs (Orc:1)
  Edmund (D:4)
  A swamp worm (Spider:1)
  8 vampire mosquitoes (D:12 D:13 D:14 D:15)
  9 water moccasins (D:7 Lair:3 Lair:4 Lair:5 Lair:6)
  3 porcupines (Lair:1 Lair:3 Lair:4)
  An acid dragon (D:15)
  An eye of draining (D:12)
  7 orc warriors (D:9 Orc:2 D:15 Vaults:2)
  3 phantoms (D:4 D:9 D:11)
  A black bear (D:9)
  3 ice beasts (D:8 D:9 D:15)
  2 sky beasts (D:6 D:9)
  5 wolves (Lair:3 Lair:6)
  A boggart (Vaults:1)
  10 centaurs (D:9 D:11 D:13 D:15)
  3 ogres (Orc:1 Vaults:1)
  9 crocodiles (Lair:1 Lair:2 Lair:4 Lair:5)
  A big kobold (D:10)
  7 bullfrogs (Lair:2 Lair:3 Lair:4 Lair:5)
  A scorpion (D:9)
  7 wights (D:7 D:8 D:13)
  A howler monkey (D:8)
  5 crimson imps (D:5 D:6 D:7 D:9 D:10)
  A centaur zombie (D:6)
  A quasit (D:8)
  3 hounds (D:8 D:14)
  A jelly (D:11)
  An orc priest (Orc:2)
  9 orc wizards (D:8 Orc:1 Orc:2 Vaults:2)
  2 centaur skeletons (D:7 D:15)
  An iguana (D:10)
  A statue (D:6)
  3 worker ants (D:5 D:8 D:13)
  A hound zombie (D:5)
  An adder (D:10)
  2 shadow imps (D:9 D:12)
  An ooze (D:3)
  A worm (D:10)
  A leopard gecko (D:3)
  4 orcs (D:5 D:9 Orc:1 Orc:2)
  A leopard gecko skeleton (D:5)
  A crawling corpse (Vaults:2)
  4 fungi (D:9 Lair:1 Lair:4 Lair:5)
  6 plants (Lair:4 Lair:6 Shoals:1 Shoals:2)
417 creatures vanquished.

Vanquished Creatures (others)
  A yaktaur captain (Vaults:2)
  A shadow wraith (Vaults:2)
  A redback (Spider:3)
  4 humans (D:12)
  A tarantella (Spider:3)
  3 slaves (D:7)
  A black bear (D:12)
  A centaur (D:14)
  2 orc priests (D:12 Orc:2)
  A worker ant (D:7)
  39 knights (D:7 D:8 D:9 D:11 D:12)
  4 ancestors (D:5 D:4)
  3 jackals (D:7)
  21 fungi (D:9 Lair:3 Lair:6)
  21 plants (Lair:3 Lair:4 Lair:6 Spider:1 Shoals:1)
  3 snaplasher vines (Shoals:1 Vaults:1)
  3 withered plants (D:9 Orc:2)
110 creatures vanquished.

Grand Total: 1342 creatures vanquished

Notes
Turn   | Place    | Note
-------+----------+-------------------------------------------
     0 | D:1      | MachJacob the Spriggan Venom Mage began the quest for the
                  | Orb.
     0 | D:1      | Reached XP level 1. HP: 9/9 MP: 5/5
   521 | D:1      | Reached XP level 2. HP: 13/13 MP: 0/6
   525 | D:1      | Learned a level 2 spell: Poisonous Vapours
   626 | D:1      | Reached skill level 1 in Conjurations
   989 | D:2      | Found a bloodstained altar of Trog.
  1268 | D:2      | Reached XP level 3. HP: 16/16 MP: 8/8
  1273 | D:2      | Learned a level 3 spell: Mephitic Cloud
  1279 | D:2      | Found a runed translucent door.
  1280 | D:2      | Noticed Crazy Yiuf
  1614 | D:2      | Found a shadowy altar of Dithmenos.
  2103 | D:3      | Found a hazy altar of Hepliaklqana.
  2120 | D:3      | Became a worshipper of Hepliaklqana the Forgotten
  2143 | D:3      | Noticed Natasha
  2147 | D:3      | Killed Natasha
  2147 | D:3      | Reached skill level 1 in Air Magic
  2147 | D:3      | Reached XP level 4. HP: 11/18 MP: 10/10
  2357 | D:3      | Noticed Natasha
  2362 | D:3      | Killed Natasha
  2425 | D:3      | Reached XP level 5. HP: 21/21 MP: 2/11
  2458 | D:3      | Learned a level 4 spell: Olgreb's Toxic Radiance
  2567 | D:3      | Noticed Natasha
  2570 | D:3      | Killed Natasha
  2622 | D:3      | You fall into a shaft and drop 3 floors!
  2688 | D:6      | Noticed a sky beast
  2767 | D:6      | Found an ornate altar of the Wu Jian Council.
  2779 | D:5      | Entered Level 5 of the Dungeon
  2779 | D:5      | Noticed a centaur
  2824 | D:4      | Reached * piety under Hepliaklqana
  3357 | D:3      | Found a shimmering altar of Xom.
  3457 | D:4      | Noticed a phantom
  3514 | D:4      | Reached skill level 5 in Poison Magic
  3514 | D:4      | Reached XP level 6. HP: 5/25 MP: 13/13
  4253 | D:4      | Found a glowing golden altar of the Shining One.
  4254 | D:4      | Found a shattered altar of Ashenzari.
  4690 | D:5      | Reached XP level 7. HP: 13/28 MP: 14/14
  4928 | D:5      | Noticed Edmund
  4938 | D:4      | Killed Edmund
  5204 | D:5      | Learned a level 5 spell: Venom Bolt
  5212 | D:5      | Reached ** piety under Hepliaklqana
  5467 | D:5      | Noticed a gargoyle
  5903 | D:5      | Reached XP level 8. HP: 28/32 MP: 15/15
  5929 | D:5      | Reached skill level 4 in Dodging
  5940 | D:5      | Remembered your ancestor Nefertari as a knight
  6599 | D:6      | Found a staircase to the Ecumenical Temple.
  6625 | Temple   | Entered the Ecumenical Temple
  6869 | D:6      | Reached skill level 5 in Stealth
  6875 | D:6      | Reached skill level 5 in Dodging
  6995 | D:6      | Noticed a troll
  7011 | D:6      | Killed a troll
  7414 | D:6      | Found a radiant altar of Vehumet.
  7426 | D:6      | Reached skill level 6 in Dodging
  7710 | D:7      | Noticed Pikel
  7723 | D:7      | Killed Pikel
  7723 | D:7      | Reached XP level 9. HP: 35/35 MP: 4/16
  7843 | D:7      | Noticed Menkaure
  7880 | D:7      | Reached skill level 7 in Dodging
  8303 | D:7      | Found Zin's Purification Station.
  8307 | D:7      | Found a glowing silver altar of Zin.
  8625 | D:7      | Noticed Joseph
  8638 | D:7      | Killed Joseph
  8765 | D:7      | Reached skill level 8 in Dodging
  8857 | D:7      | Killed Menkaure
  9100 | D:7      | Reached skill level 10 in Poison Magic
  9227 | D:8      | Noticed Erica
  9316 | D:8      | Found a shimmering altar of Xom.
  9412 | D:8      | Reached *** piety under Hepliaklqana
  9556 | D:8      | Reached skill level 9 in Dodging
  9632 | D:8      | Reached XP level 10. HP: 13/39 MP: 13/17
  9976 | D:8      | Noticed Maurice
  9991 | D:8      | Killed Maurice
 10197 | D:8      | Killed Erica
 10197 | D:8      | Reached skill level 10 in Dodging
 10246 | D:8      | Found an iron altar of Okawaru.
 10727 | D:8      | Noticed a cyclops
 10829 | D:8      | Killed a cyclops
 11110 | D:8      | Reached skill level 11 in Dodging
 11257 | D:8      | Noticed Gastronok
 11334 | D:8      | Killed Gastronok
 11334 | D:8      | Reached skill level 13 in Dodging
 11334 | D:8      | Reached XP level 11. HP: 24/42 MP: 8/18
 11585 | D:8      | Reached skill level 1 in Evocations
 11825 | D:8      | Got an ichor-stained falchion
 11832 | D:8      | Identified the +10 falchion "Kegeyf" {elec, rF- rC+ Dex+7}
                  | (You found it on level 8 of the Dungeon)
 11889 | D:9      | Noticed a red ugly thing
 11906 | D:8      | Reached skill level 1 in Fighting
 11997 | D:8      | Killed a red ugly thing
 12204 | D:9      | Noticed Harold
 12268 | D:9      | Reached skill level 5 in Evocations
 12284 | D:9      | Noticed an unseen horror
 12300 | D:9      | Killed an unseen horror
 12680 | D:9      | Found Ikykiuh's General Store.
 12711 | D:9      | Killed Harold
 12711 | D:9      | Reached skill level 14 in Dodging
 13144 | D:9      | Learned a level 1 spell: Summon Butterflies
 13221 | D:9      | Noticed a two-headed ogre
 13243 | D:9      | Killed a two-headed ogre
 13243 | D:9      | Reached skill level 1 in Summonings
 13552 | D:9      | Found an opulent altar of Gozag.
 13763 | D:9      | Found an ancient bone altar of Kikubaaqudgha.
 13774 | D:9      | Found a blossoming altar of Fedhas.
 13781 | D:9      | Reached **** piety under Hepliaklqana
 13789 | D:9      | Reached XP level 12. HP: 50/50 MP: 20/20
 13970 | D:9      | Reached skill level 5 in Spellcasting
 14065 | D:9      | Reached skill level 5 in Conjurations
 14071 | D:9      | Found a staircase to the Lair.
 14187 | D:10     | Entered Level 10 of the Dungeon
 16184 | D:11     | Found Docsamn's Magic Scroll Shop.
 16867 | D:12     | Learned a level 5 spell: Summon Mana Viper
 17016 | D:12     | Noticed Kirke
 17026 | D:12     | Killed Kirke
 17246 | D:12     | Found a staircase to the Orcish Mines.
 17753 | D:12     | Found the +5 scythe "Finisher" {speed, eviscerate}
 18003 | D:12     | Reached skill level 1 in Hexes
 18142 | D:12     | Reached skill level 15 in Dodging
 18621 | Lair:1   | Entered Level 1 of the Lair of Beasts
 18755 | Lair:1   | Found a dark tunnel.
 18764 | Volcano  | Entered a volcano
 18781 | Volcano  | Noticed an ogre mage
 18789 | Volcano  | Killed an ogre mage
 18789 | Volcano  | Reached skill level 5 in Summonings
 18793 | Volcano  | Found a burning altar of Makhleb.
 18794 | Volcano  | Noticed a two-headed ogre
 18795 | Volcano  | Noticed a two-headed ogre
 18816 | Volcano  | Killed a two-headed ogre
 18840 | Volcano  | Killed a two-headed ogre
 19155 | Volcano  | Noticed a two-headed ogre
 19169 | Volcano  | Killed a two-headed ogre
 19169 | Volcano  | Reached XP level 13. HP: 56/56 MP: 24/24
 19189 | Volcano  | Reached skill level 5 in Fighting
 20328 | Lair:1   | Reached ***** piety under Hepliaklqana
 20799 | Lair:1   | Reached skill level 5 in Hexes
 22740 | Lair:3   | Found a hole to the Spider Nest.
 24087 | Lair:3   | Noticed Sonja
 24088 | Lair:3   | Noticed Sonja
 24088 | Lair:3   | Sonja changed into Sonja the queen bee
 24096 | Lair:3   | Killed Sonja the queen bee
 24129 | Lair:3   | Found a staircase to the Shoals.
 24692 | Lair:3   | Reached skill level 16 in Dodging
 25840 | Lair:4   | Reached XP level 14. HP: 63/63 MP: 15/28
 26075 | Lair:4   | Noticed Josephine
 26411 | Lair:4   | Noticed Nergalle
 26432 | Lair:4   | Killed Nergalle
 26938 | Lair:5   | Reached skill level 1 in Invocations
 27169 | Lair:5   | Found a frozen archway.
 27173 | IceCv    | Entered an ice cave
 27725 | IceCv    | Got a pitted battleaxe
 27735 | IceCv    | Noticed a frost giant
 27762 | IceCv    | Killed a frost giant
 27940 | IceCv    | Reached skill level 10 in Spellcasting
 28518 | Lair:5   | Identified the +6 battleaxe "Leipajiz" {flame, rElec rF+
                  | MR- Stlth+} (You found it in an ice cave)
 28657 | Lair:5   | Reached skill level 10 in Hexes
 28831 | Lair:5   | Found a staircase to the Slime Pits.
 29262 | Lair:6   | Entered Level 6 of the Lair of Beasts
 29513 | Lair:6   | Reached skill level 1 in Polearms
 29821 | Lair:6   | Reached ****** piety under Hepliaklqana
 29931 | Lair:6   | Reached skill level 5 in Invocations
 31513 | D:12     | Reached XP level 15. HP: 65/70 MP: 29/30
 31756 | Orc:1    | Entered Level 1 of the Orcish Mines
 32324 | Orc:1    | Reached skill level 5 in Polearms
 32332 | Orc:1    | Found a roughly hewn altar of Beogh.
 32652 | Orc:2    | Entered Level 2 of the Orcish Mines
 32969 | Orc:2    | Found a staircase to the Elven Halls.
 33761 | Orc:2    | Found a runed translucent door.
 33762 | Orc:2    | Noticed elum's ghost (adept DsWz)
 34744 | Orc:2    | Found Variosku's Distillery.
 34744 | Orc:2    | Found Uderum's Book Boutique.
 34746 | Orc:2    | Found Ellohoum's Magic Scroll Boutique.
 34746 | Orc:2    | Found Deciont's Distillery.
 34767 | Orc:2    | Bought a book of Spatial Translocations for 845 gold pieces
 34770 | Orc:2    | Learned a level 2 spell: Blink
 34774 | Orc:2    | Learned a level 3 spell: Teleport Other
 34780 | Orc:2    | Learned a level 5 spell: Summon Forest
 35012 | Spider:1 | Entered Level 1 of the Spider Nest
 35035 | Spider:1 | Reached skill level 1 in Translocations
 36504 | Spider:1 | Reached skill level 5 in Translocations
 36912 | Spider:1 | Found the +8 mithril axe "Arga" {speed, MR+}
 37083 | Spider:2 | Identified a scroll of acquirement
 38344 | Spider:2 | Identified the cursed +0 shield of the Enchanted Forest
                  | {MP+9 SInv}
 38344 | Spider:2 | Noticed Asterion
 38601 | Spider:2 | Killed Asterion
 40050 | Spider:2 | Reached XP level 16. HP: 75/75 MP: 31/31
 40896 | Spider:3 | Reached skill level 10 in Fighting
 41637 | Spider:4 | Entered Level 4 of the Spider Nest
 43508 | Spider:4 | Reached skill level 10 in Polearms
 43542 | Spider:4 | HP: 3/76 [ghost moth (17)]
 44527 | Spider:4 | Got a gossamer rune of Zot
 44686 | Shoals:1 | Entered Level 1 of the Shoals
 44881 | Lair:3   | Learned a level 4 spell: Passage of Golubria
 46334 | Shoals:1 | Found a large runed translucent door.
 46334 | Shoals:1 | Found a large runed translucent door.
 46339 | Shoals:1 | Noticed shruggingcutely's ghost (journeyman DrFE)
 46841 | Shoals:1 | Reached XP level 17. HP: 41/80 MP: 2/32
 50118 | Shoals:4 | Entered Level 4 of the Shoals
 51653 | Shoals:4 | HP: 4/80 [merfolk/boomerang (17)]
 52288 | Shoals:4 | Got a barnacled rune of Zot
 52616 | D:13     | Reached skill level 17 in Dodging
 53689 | D:14     | Found a sacrificial altar of Ru.
 53847 | D:14     | Noticed Agnes
 54056 | D:14     | Found a gate to the Vaults.
 54813 | D:14     | Killed Agnes
 55057 | D:15     | Entered Level 15 of the Dungeon
 55237 | D:15     | Found a staircase to the Depths.
 57297 | Shoals:1 | Killed shruggingcutely's ghost
 57309 | Shoals:1 | Got a flickering pewter ring
 57314 | Shoals:1 | Identified the ring "Nevver" {Str+2 Int+5 Dex-3 SInv} (You
                  | found it on level 1 of the Shoals)
 57804 | Vaults:1 | Entered Level 1 of the Vaults
 58180 | Vaults:1 | Reached skill level 10 in Evocations
 58573 | Vaults:1 | Reached skill level 1 in Armour
 58574 | Vaults:1 | Reached XP level 18. HP: 20/83 MP: 11/34
 60494 | Vaults:1 | Found a runed translucent gate.
 60494 | Vaults:1 | Found a runed translucent gate.
 60494 | Vaults:1 | Found a runed translucent gate.
 60494 | Vaults:1 | Noticed a tentacled monstrosity
 60494 | Vaults:1 | Noticed a tentacled monstrosity
 61398 | Vaults:1 | Noticed a tentacled monstrosity
 61647 | Vaults:2 | Reached skill level 18 in Dodging
 62728 | Vaults:2 | HP: 3/85 [yaktaur captain/bolt (36)]
 63817 | Vaults:2 | Found a staircase to the Crypt.
 63817 | Vaults:2 | Found an ancient bone altar of Kikubaaqudgha.
 63818 | Vaults:2 | Found a basalt altar of Yredelemnul.
 63887 | Vaults:2 | Noticed Frederick
 64279 | Vaults:2 | Noticed Sojobo
 65010 | Vaults:2 | HP: 2/85 [yaktaur/bolt[a yaktaur captain] (9)]
 65019 | Vaults:2 | Shot with a bolt by a yaktaur

Levels and vault maps discovered:
D:1:      minmay_arrival_wavy_path, layout_basic, corexii_corridor_pit,
          chequers_jeans
D:2:      layout_basic, bloody_trog, grunt_ministairs_10,
          chequers_serial_rivers_room_b, nicolae_dithmenos_shadow_blocks,
          uniq_crazy_yiuf_cottage
D:3:      layout_loops_ring, grunt_temple_overflow_champion_of_chaos,
          lemuel_doored_altar, uniq_natasha
D:4:      layout_cave_pods, nicolae_overflow_hidden_temple
D:5:      layout_loops_ring, first_ration, uniq_edmund
D:6:      minmay_cornered_nines, layout_rooms, kennysheep_mini, vehumet_statue,
          minmay_temple_entry_gardened_gates
D:7:      layout_basic, zin_purify, serial_corexii_hall, corexii_hall_statues_l,
          chequers_hall_statues_y, hangedman_abyss_or_decor_stabs, uniq_pikel,
          uniq_menkaure, uniq_joseph
D:8:      hangedman_cross_veins, layout_basic, overflow_temple_1_default,
          basic_altar, zaba_anthole, uniq_erica, uniq_gastronok, uniq_maurice
D:9:      minmay_the_grid_octo_tiled_squarecenter [minmay_the_grid_octo_77,
          minmay_the_grid_octo_focus, minmay_the_grid_octo_empty,
          minmay_the_grid_octo_fan_narrow,
          minmay_the_grid_square_5x5_megaprize_checkered,
          minmay_the_grid_square_5x5_tri_point,
          minmay_the_grid_square_5x5_percent,
          minmay_the_grid_square_5x5_checkered_statues,
          minmay_the_grid_square_5x5_one_wall], layout_irregular_city,
          grunt_temple_overflow_growth_and_decay, grunt_gozag_breadcrumbs,
          dpeg_oklobed_lair, serial_shops, shop, uniq_harold
D:10:     layout_gridville, hangedman_pestilent_swarm
D:11:     layout_basic, serial_shops, nicolae_shop_crystal
D:12:     kennysheep_scales, layout_rooms, orc_0_dummy, uniq_kirke
D:13:     layout_roguey, minmay_lizard_king
D:14:     layout_loops_ring, david_vaults_4, chequers_serial_rivers_large_a,
          basic_altar, uniq_agnes
D:15:     grunt_enter_depths_giant_problem, layout_loops_ring, minivault_14,
          eino_small_chamber_without_monster
Temple:   jpeg_temple_island
Lair:1:   layout_chaotic_city, enter_volcano_1, serial_bayou_shore_b
Lair:2:   layout_layer_cave, grunt_megastairs_2
Lair:3:   layout_cave_pods, minmay_shoals_entry_hut, spider_nest_entry_rubble,
          nzn_random_ring, uniq_sonja
Lair:4:   cheibrodos_lair_overgrown_chateau, layout_big_grid,
          gauntlet_entry_generic, uniq_josephine, uniq_nergalle
Lair:5:   layout_regular_city, minmay_slime_entry_pillars,
          portal_ice_cave_entry_pillars_1, serial_bayou_shore_b,
          lemuel_fruit_tree, grunt_megastairs_3, minmay_lair_oklob_chamber
Lair:6:   hangedman_lair_in_review, layout_cave_pods
Shoals:1: cheibrodos_shoals_roost, layout_shoals, ebering_ghost_disaster_area
Shoals:2: layout_shoals, nicolae_shoals_this_corrosion
Shoals:3: layout_shoals
Shoals:4: shoals_end_grunt_ice, layout_shoals, shoals_ilsuiw_ice,
          nicolae_shoals_cliffside_cave
Spider:1: layout_spider_delve, worms_lemuel
Spider:2: layout_spider_delve, nicolae_spider_cling_halls, uniq_asterion
Spider:3: layout_spider_delve
Spider:4: spider_rune_water
Orc:1:    layout_diamond_mine, basic_altar, mines4_lemuel
Orc:2:    grunt_orc_tribal_feast, layout_caves, gammafunk_ghost_grave
Vaults:1: ploomutoo_gammafunk_vaults_ghost_potion_laboratory, v_misc_5,
          vaults_mumra_lcd, hangedman_vaults_pinch,
          nicolae_vaults_little_squares_2,
          nicolae_vaults_windows_and_doors_thing,
          nicolae_vaults_inception_corners, nicolae_vaults_stairing_the_circle,
          st_cross, dpeg_vaults_monster_box, layout_vaults_omnicross
Vaults:2: minmay_crypt_entry_necro_gods, ontoclasm_vaults_idyll,
          nicolae_vaults_circle_grid_b, v_misc_27, v_misc_9,
          hangedman_vaults_variations, vaults_dpeg_diagonal, sword_in_stone,
          nicolae_vaults_asterisk, vaults_room_fours,
          ontoclasm_vaults_decontamination, layout_vaults_chaotic_city

Skill      XL: |  1  2  3  4  5  6  7  8  9 10 11 12 13 14 15 16 17 18 |
---------------+-------------------------------------------------------+-----
Spellcasting   | 3 4 6 9 10 11 | 11.6
Conjurations   | 1 2 3 4 6 |  6.0
Air Magic      | 1 2 4 |  4.0
Poison Magic   | 4 5 6 8 10 12 | 12.0
Stealth        | 4 7 8 |  8.0
Dodging        | 6 9 13 14 15 16 17 18 | 18.4
Evocations     | 5 10 12 | 12.0
Fighting       | 3 4 6 8 9 10 | 10.8
Summonings     | 2 5 6 8 |  8.0
Hexes          | 3 8 10 | 10.0
Invocations    | 5 |  5.0
Polearms       | 4 7 10 11 12 | 12.7
Translocations | 7 8 |  8.0
Armour         | 1 2 |  2.0

Action                   |  1- 3 |  4- 6 |  7- 9 | 10-12 | 13-15 | 16-18 || total
-------------------------+-------+-------+-------+-------+-------+-------++-------
Melee: Unarmed           |     2 |       |       |       |       |       ||     2
       Dagger            |     5 |    23 |    66 |   172 |   116 |    54 ||   436
       Demon trident     |       |       |       |       |   430 |   532 ||   962
       Staff             |       |       |       |       |       |    36 ||    36
 Fire: Hunting sling     |       |       |    27 |    25 |     5 |       ||    57
Throw: Stone             |       |    15 |       |     1 |       |       ||    16
 Cast: Sting             |    72 |       |       |       |       |       ||    72
       Poisonous Vapours |     3 |    66 |   158 |   388 |   599 |   840 ||  2054
       Mephitic Cloud    |       |       |       |     3 |    11 |    17 ||    31
       Olgreb's Toxic Ra |       |       |       |    23 |    89 |    62 ||   174
       Venom Bolt        |       |       |       |    10 |    38 |    26 ||    74
       Summon Butterflie |       |       |       |     2 |     1 |     2 ||     5
       Summon Mana Viper |       |       |       |       |    30 |    82 ||   112
       Blink             |       |       |       |       |     9 |    14 ||    23
       Summon Forest     |       |       |       |       |       |    12 ||    12
Invok: Recall Ancestor   |     1 |     2 |    13 |    12 |    21 |    41 ||    90
       Ancestor Identity |       |     1 |       |       |       |       ||     1
       Ancestor Life: Kn |       |       |     1 |       |       |       ||     1
       Transference      |       |       |     1 |       |     3 |       ||     4
       Idealise          |       |       |       |       |       |     1 ||     1
 Abil: Evoke Flight      |       |       |       |       |     3 |       ||     3
Evoke: Wand              |       |       |     5 |     2 |     1 |    10 ||    18
       Phial of floods   |       |       |       |     1 |       |     1 ||     2
       Lightning rod     |       |       |       |       |       |     1 ||     1
       Staff of energy   |       |       |       |       |       |     2 ||     2
       Lamp of fire      |       |       |       |       |       |     1 ||     1
  Use: Scroll            |     3 |     1 |     7 |    13 |    22 |     8 ||    54
       Potion            |       |       |       |       |       |    12 ||    12
 Stab: Sleeping          |       |       |     1 |    19 |    12 |    13 ||    45
       Distracted        |       |       |       |     1 |    11 |     6 ||    18
       Confused          |       |       |       |       |     6 |     4 ||    10
  Eat: Ration            |       |     1 |     4 |    10 |    19 |    17 ||    51
Armor: Robe              |     4 |     5 |    10 |    18 |    32 |    19 ||    88
       Acid dragon scale |       |       |       |       |       |     2 ||     2
Dodge: Dodged            |    14 |    28 |    83 |   307 |   649 |   896 ||  1977

Table legend:
 A = Non-vault XP
 B = Vault XP
 C = Vault XP percentage of total XP
 D = Non-vault monster count
 E = Vault monster count
 F = Vault count percentage of total count
                 A         B        C        D         E       F
            +---------+---------+-------+---------+---------+-------
      Total |  225144 |  131693 |  36.9 |     883 |     343 |  28.0
            +---------+---------+-------+---------+---------+-------
        D:1 |      22 |       0 |   0.0 |      15 |       0 |   0.0
        D:2 |      32 |       3 |   8.6 |      12 |       2 |  14.3
        D:3 |     144 |      37 |  20.4 |      20 |       1 |   4.8
        D:4 |     338 |     169 |  33.3 |      13 |       1 |   7.1
        D:5 |     780 |       0 |   0.0 |      22 |       0 |   0.0
        D:6 |     602 |     418 |  41.0 |      10 |       4 |  28.6
        D:7 |    1111 |    1281 |  53.6 |      21 |       3 |  12.5
        D:8 |    2791 |    6642 |  70.4 |      27 |      25 |  48.1
        D:9 |    3851 |    5388 |  58.3 |      24 |      25 |  51.0
       D:10 |    1363 |     632 |  31.7 |      23 |       4 |  14.8
       D:11 |    3898 |       0 |   0.0 |      30 |       0 |   0.0
       D:12 |    4035 |    3136 |  43.7 |      30 |       7 |  18.9
       D:13 |    5579 |     348 |   5.9 |      30 |       5 |  14.3
       D:14 |    6920 |    3740 |  35.1 |      26 |       3 |  10.3
       D:15 |   11017 |    1646 |  13.0 |      41 |       1 |   2.4
     Lair:1 |    3829 |       0 |   0.0 |      16 |       0 |   0.0
     Lair:2 |    3996 |     571 |  12.5 |      22 |       2 |   8.3
     Lair:3 |    6531 |    7221 |  52.5 |      30 |      23 |  43.4
     Lair:4 |    4764 |    3790 |  44.3 |      24 |      17 |  41.5
     Lair:5 |    5766 |     789 |  12.0 |      26 |       5 |  16.1
     Lair:6 |   16158 |    2108 |  11.5 |      41 |       7 |  14.6
   Shoals:1 |   12122 |    4197 |  25.7 |      24 |       7 |  22.6
   Shoals:2 |    8954 |     442 |   4.7 |      24 |       1 |   4.0
   Shoals:3 |   10183 |    2517 |  19.8 |      25 |       2 |   7.4
   Shoals:4 |    2833 |    6133 |  68.4 |       8 |      11 |  57.9
   Spider:1 |    6576 |    3276 |  33.3 |      19 |      12 |  38.7
   Spider:2 |   13030 |    2703 |  17.2 |      44 |       1 |   2.2
   Spider:3 |   23852 |       0 |   0.0 |      69 |       0 |   0.0
   Spider:4 |    9342 |   19476 |  67.6 |      25 |      38 |  60.3
      Orc:1 |    3564 |     853 |  19.3 |      34 |      12 |  26.1
      Orc:2 |    2667 |    7329 |  73.3 |      20 |      29 |  59.2
   Vaults:1 |   14917 |   25457 |  63.1 |      28 |      44 |  61.1
   Vaults:2 |   33577 |    5262 |  13.5 |      60 |       8 |  11.8
      IceCv |       0 |    9483 | 100.0 |       0 |      35 | 100.0
    Volcano |       0 |    6646 | 100.0 |       0 |       8 | 100.0
            +---------+---------+-------+---------+---------+-------
